Cogmind - Beta 16.1 @@@ ROGUE MODE // 2026.03.18 @ 20:15:34 Player: MatMK Result: Destroyed by G-34 Mercenary with Small Laser Performance ------------- Evolutions (0) 0 Regions Visited (4) 800 Robots Destroyed (3) 15 Value Destroyed (27) 27 Prototype IDs (23) 460 Alien Tech Used (0) 0 Bonus (300) 300 TOTAL SCORE: 1602 Bonus ------- Aligned with FarCom 300 Cogmind --------- Core Integrity 0/250 Matter 259/300 Energy 111/125 System Corruption 0% Temperature Cool (69) Movement Walking (190) Ox1 Location -9/Mines Parts ------- > --- POWER (1) -------- Light Ion Engine > --- PROPULSION (2) --- Aluminum Leg > --- UTILITY (2) ------ Medium Storage Unit Improved Terrain Scanner > --- WEAPON (2) ------- Small Laser > --- INVENTORY (10) --- Scrap Suit Small Storage Unit Targeting Computer Targeting Computer Power Shielding Power Shielding Skeleton Box Latent Energy Streamer Peak State ------------ > --- POWER ------------ Ion Engine > --- PROPULSION ------- Aluminum Leg > --- UTILITY ---------- Medium Storage Unit Skeleton Box > --- WEAPON ----------- Latent Energy Streamer Light Assault Rifle > --- INVENTORY -------- Light Ion Engine Scrap Suit Small Storage Unit Improved Terrain Scanner Targeting Computer Targeting Computer Power Shielding Power Shielding Small Laser [Rating: 21] Favorites ----------- Power Ion Engine Engine Ion Engine Propulsion Aluminum Leg Leg Aluminum Leg Wheel Wheel Utility Medium Storage Unit Device Seismic Detector Storage Medium Storage Unit Protection Power Shielding Weapon Light Assault Rifle Energy Gun Medium Laser Energy Cannon Latent Energy Streamer Ballistic Gun Light Assault Rifle Special Weapon Mining Laser Build | -11 -10 -10 -10 -9 ------- Run | Yrd Mat Min Exi Min Slots Evolved . | . . . . . Power . | . . . . . Propulsion . | . . . . . Utility . | . . . . . Weapon . | . . . . . Parts Attached 20 | 10 2 3 4 1 Power 2 | 1 . . . 1 Engine 2 | 1 . . . 1 Core . | . . . . . Reactor . | . . . . . Propulsion 5 | 4 . 1 . . Treads . | . . . . . Leg 3 | 2 . 1 . . Wheel 2 | 2 . . . . Hover . | . . . . . Flight . | . . . . . Utility 6 | 2 1 1 2 . Device 3 | 1 . . 2 . Storage 2 | 1 1 . . . Processor . | . . . . . Hackware . | . . . . . Protection 1 | . . 1 . . Artifact . | . . . . . Weapon 7 | 3 1 1 2 . Energy Gun 2 | 1 . . 1 . Energy Cannon 1 | . . . 1 . Ballistic Gun 2 | 2 . . . . Ballistic Cannon . | . . . . . Launcher . | . . . . . Special Weapon 2 | . 1 1 . . Impact Weapon . | . . . . . Slashing Weapon . | . . . . . Piercing Weapon . | . . . . . Special Melee Weapon . | . . . . . Unidentified Prototypes 2 | . . . 2 . Parts Lost 7 | . . 5 . 2 Power 1 | . . . . 1 Propulsion 2 | . . 2 . . Utility 1 | . . 1 . . Weapon 3 | . . 2 . 1 Highest Loss Streak 5 | . . 5 . 2 To Critical Strikes . | . . . . . Average Backups 7 | 3 8 7 8 9 Power . | . 1 1 1 1 Propulsion . | 1 2 . . . Utility 5 | . 2 5 6 6 Weapon 1 | 1 2 . 1 1 Tool/Special . | . . . . . Unused Backups 5 | . 1 . . 4 Power . | . . . . . Propulsion 1 | . 1 . . . Utility 4 | . . . . 4 Weapon . | . . . . . Tool/Special . | . . . . . Average Slot Usage (%) 80 | . 100 78 75 80 Engine 14 | . 14 14 14 14 Leg 17 | . 28 17 14 14 Device 6 | . 14 3 5 14 Storage 14 | . 14 14 14 14 Protection 7 | . . 10 8 . Energy Gun 5 | . 11 3 4 14 Ballistic Gun 13 | . 14 11 14 9 Special Weapon 1 | . 2 2 . . Peak Build Rating 21 | 7 8 8 21 11 Average Rating 7 | 5 7 6 7 10 On Entrance 6 | . 7 8 6 11 Avg Prop Armor Cover (%) . | . . . . . Naked Turns . | . . . . . Heaviest Build 20 | 15 20 20 19 18 Greatest Support 26 | 26 20 20 10 10 Greatest Overweight (x) 1 | 1 . 1 1 1 Average Overweight (x) . | . . . 1 1 Largest Inventory Capacity 10 | 8 10 10 10 10 Average Capacity 9 | 7 9 10 10 10 Most Carried 10 | 7 10 10 10 10 Average Carried 8 | 4 8 8 9 9 Final Capacity 10 | 8 10 10 10 10 Final Carried 10 | 7 10 9 10 9 Class Distribution -------------------- 98% | Mutant Dominant Class ---------------- Mutant | -10/Materials Mutant | -10/Mines Mutant | -10/Exiles Skirmisher | -9/Mines Resources | -11 -10 -10 -10 -9 ----------- Run | Yrd Mat Min Exi Min Matter Collected 373 | 220 122 31 . . Remotely . | . . . . . Salvage Created 52 | 22 30 . . . Parts 7 | 4 3 . . . Haulers Intercepted . | . . . . . Recyclers Shooed . | . . . . . Parts Field Recycled . | . . . . . Retrieved Matter . | . . . . . Parts Self-Destructed . | . . . . . Prevented . | . . . . . Parts Restored . | . . . . . Kills | -11 -10 -10 -10 -9 ------- Run | Yrd Mat Min Exi Min Combat Hostiles Destroyed 2 | . 2 . . . Guns 2 | . 2 . . . Classes Destroyed 2 | 1 1 . . . Tunneler 1 | 1 . . . . Swarmer 2 | . 2 . . . Best Kill Streak 1 | 1 1 . . . Combat Bots Only 1 | . 1 . . . Max Kills in Single Turn 1 | 1 1 . . . Gunslinging . | . . . . . Exploded . | . . . . . Melee . | . . . . . Uniques/NPCs Destroyed . | . . . . . Combat | -11 -10 -10 -10 -9 -------- Run | Yrd Mat Min Exi Min Hostile Shots Fired 48 | . 6 13 . 29 Missed 9 | . 3 1 . 5 Hits 39 | . 3 12 . 24 Projectile 39 | . 3 12 . 24 AOE 13 | . . 13 . . Critical Strikes 1 | . . . . 1 Damage Taken 865 | . 19 561 . 285 Core 250 | . . 176 . 74 Absorbed by Shields . | . . . . . Redirected to Shielding 4 | . . 4 . . Core Remaining (%) 100 | 100 . . . . Volleys Fired 26 | 2 7 13 . 4 Largest 2 | 2 2 2 . 2 Hottest 150 | 70 100 150 . 60 Shots Fired 43 | 4 10 24 . 5 Gun 29 | 4 6 14 . 5 Cannon . | . . . . . Launcher . | . . . . . Special 14 | . 4 10 . . Kinetic 9 | 2 3 3 . 1 Thermal 34 | 2 7 21 . 4 Explosive . | . . . . . Electromagnetic . | . . . . . Robot Hit Streak 6 | 2 1 5 . 6 Robot Miss Streak 3 | 2 3 . . 1 Penetration Max . | . . . . . Secondary Targets . | . . . . . Shots Hit Robots 11 | 2 2 4 . 3 Core Hits 4 | 1 2 1 . . Critical Kills . | . . . . . Critical Parts Destroyed . | . . . . . Critical Strikes . | . . . . . Melee Attacks . | . . . . . Impact . | . . . . . Slashing . | . . . . . Piercing . | . . . . . Sneak Attacks . | . . . . . Combat Hostiles . | . . . . . Follow-up Attacks . | . . . . . Damage Inflicted 123 | 27 24 37 . 35 Guns 123 | 27 24 37 . 35 Cannons . | . . . . . Explosions . | . . . . . Melee . | . . . . . Ramming . | . . . . . Kinetic 50 | 14 11 25 . . Thermal 73 | 13 13 12 . 35 Explosive . | . . . . . Electromagnetic . | . . . . . Impact . | . . . . . Slashing . | . . . . . Piercing . | . . . . . Highest Corruption . | . . . . . Average Corruption . | . . . . . Corruption Purged . | . . . . . Corruption Blocked . | . . . . . Overload Shots . | . . . . . Overflow Damage . | . . . . . Projectiles . | . . . . . Explosions . | . . . . . Melee . | . . . . . Knockbacks . | . . . . . Impact . | . . . . . Kinetic . | . . . . . Secondary . | . . . . . Self-Inflicted Damage . | . . . . . Shots . | . . . . . Rammed . | . . . . . Targets Rammed . | . . . . . Kicked . | . . . . . Crushed . | . . . . . Highest Temperature 266 | 18 22 266 . 63 Average Temperature 79 | 10 10 113 . 37 Received Heat Transfer 183 | . . . . 183 Effects 1 | . . 1 . . Energy Bleed 1 | . . 1 . . Siege Activations . | . . . . . Martial Activations . | . . . . . Shielding Activations . | . . . . . Robots Disrupted . | . . . . . Combat Hostiles . | . . . . . Robots Corrupted . | . . . . . Combat Hostiles . | . . . . . Parts Fried . | . . . . . Impact Corruptions . | . . . . . Robots Melted . | . . . . . Combat Hostiles . | . . . . . Parts Melted . | . . . . . Heat Transferred 186 | 37 37 37 . 75 Parts Sabotaged . | . . . . . Parts Stolen . | . . . . . Parts Stripped . | . . . . . Power Chain Reactions . | . . . . . Alert | -11 -10 -10 -10 -9 ------- Run | Yrd Mat Min Exi Min Maximum Alert Level . | . . . . . Low Security (%) 100 | 100 100 100 . 100 Level 1 . | . . . . . Level 2 . | . . . . . Level 3 . | . . . . . Level 4 . | . . . . . Level 5 . | . . . . . High Security . | . . . . . Max Security . | . . . . . Peak Influence 40 | 5 40 2 . . Initial . | . . . . . Average 3 | . 12 . . . Influence Increases 85 | 5 76 4 . . Destroy 0b10 Robot/C 40 | . 40 . . . Destroy 0b10 Robot/NC 5 | 5 . . . . Successful Hack 2 | . 2 . . . Destroy Structure 8 | . 4 4 . . Lose Combat Pursuer 30 | . 30 . . . Influence Decreases 85 | 5 76 4 . . Time Decay 84 | 5 76 3 . . Lost Part 1 | . . 1 . . Squads Dispatched . | . . . . . Investigation . | . . . . . Extermination . | . . . . . Reinforcement . | . . . . . Assault . | . . . . . Garrison . | . . . . . Intercept . | . . . . . Searches Triggered . | . . . . . Construction Impeded . | . . . . . Haulers Reinforced . | . . . . . Active Scanning Responses . | . . . . . Cargo Convoy Interrupts . | . . . . . Stealth | -11 -10 -10 -10 -9 --------- Run | Yrd Mat Min Exi Min Distress Signals 1 | . 1 . . . Communications Jammed . | . . . . . Distress Signals . | . . . . . Times Spotted 12 | . 7 2 . 3 Peak Tracking Total 3 | . 3 2 . 3 Tactical Retreats 2 | . 2 . . . Traps | -11 -10 -10 -10 -9 ------- Run | Yrd Mat Min Exi Min Traps Triggered . | . . . . . Indirectly . | . . . . . Trap Hack Attempts . | . . . . . Triggered . | . . . . . Disarmed . | . . . . . Reprogrammed . | . . . . . Reused . | . . . . . Traps Extracted . | . . . . . Installed . | . . . . . Triggered . | . . . . . Machines | -11 -10 -10 -10 -9 ---------- Run | Yrd Mat Min Exi Min Machines Disabled . | . . . . . Max in Single Turn . | . . . . . Machines Repaired . | . . . . . Machines Dismantled . | . . . . . Machines Sabotaged . | . . . . . Overloaded Fab Kills . | . . . . . Hacking | -11 -10 -10 -10 -9 --------- Run | Yrd Mat Min Exi Min Machines Accessed 3 | . 1 1 1 . Terminals 1 | . 1 . . . Fabricators . | . . . . . Repair Stations . | . . . . . Recycling Units . | . . . . . Scanalyzers . | . . . . . Garrison Access . | . . . . . Total Hacks 5 | . 3 1 1 . Successful 3 | . 1 1 1 . Failed 2 | . 2 . . . Catastrophic . | . . . . . Database Lockouts . | . . . . . Manual 1 | . . . 1 . Terminals 3 | . 3 . . . Fabricators . | . . . . . Repair Stations . | . . . . . Recycling Units . | . . . . . Scanalyzers . | . . . . . Garrison Access . | . . . . . Terminal Hacks 3 | . 1 1 1 . Record 1 | . 1 . . . Open Door 1 | . . 1 . . Proto ID Catalog 1 | . . . 1 . Fabricator Hacks . | . . . . . Repair Station Hacks . | . . . . . Recycling Unit Hacks . | . . . . . Scanalyzer . | . . . . . Garrison Access Hacks . | . . . . . Unauthorized Hacks . | . . . . . Terminals . | . . . . . Fabricators . | . . . . . Repair Stations . | . . . . . Recycling Units . | . . . . . Scanalyzers . | . . . . . Garrison Access . | . . . . . Data Cores Recovered . | . . . . . Used . | . . . . . Hacking Detections 1 | . 1 . . . Full Trace Events . | . . . . . Feedback Events . | . . . . . Feedback Blocked . | . . . . . Robot Schematics Acquired . | . . . . . Robots Built . | . . . . . Authchips . | . . . . . Time . | . . . . . Total Robot Build Rating . | . . . . . Part Schematics Acquired . | . . . . . Parts Built . | . . . . . Authchips . | . . . . . Time . | . . . . . Total Part Build Rating . | . . . . . Part Studies Acquired . | . . . . . Parts Repaired . | . . . . . Time . | . . . . . Parts Recycled . | . . . . . Recycled Matter . | . . . . . Retrieved Matter . | . . . . . Retrieved Components . | . . . . . Parts Scanalyzed . | . . . . . Part Schematics Acquired . | . . . . . Parts Damaged . | . . . . . Bothacking | -11 -10 -10 -10 -9 ------------ Run | Yrd Mat Min Exi Min Used RIF Installer . | . . . . . Robots Hacked . | . . . . . Non-combat . | . . . . . Combat . | . . . . . Robot Hacks Applied . | . . . . . Relay Couplers Released . | . . . . . Fabnet Peak Effective % . | . . . . . Robots Rewired . | . . . . . Allies Hacked . | . . . . . Hacks Repelled . | . . . . . Allies | -11 -10 -10 -10 -9 -------- Run | Yrd Mat Min Exi Min Total Allies . | . . . . . Largest Group . | . . . . . Highest-Rated Group . | . . . . . Highest-Rated Ally . | . . . . . Total Orders . | . . . . . Ally Attacks . | . . . . . Total Damage . | . . . . . Kills . | . . . . . Allies Corrupted . | . . . . . Allies Melted . | . . . . . Intel | -11 -10 -10 -10 -9 ------- Run | Yrd Mat Min Exi Min Active Infowar (turns) 732 | 37 240 158 273 24 Terrain 297 | . . . 273 24 Seismic 435 | 37 240 158 . . Robot Analysis Total . | . . . . . Derelict Logs Recovered 1 | . . 1 . . Drone Launches . | . . . . . Drone Recoveries . | . . . . . Exploration | -11 -10 -10 -10 -9 ------------- Run | Yrd Mat Min Exi Min Turns Passed 1845 | 91 240 623 867 24 Spaces Moved 899 | 60 116 308 408 7 Core 5 | 5 . . . . Treads . | . . . . . Legs 881 | 42 116 308 408 7 Wheels 13 | 13 . . . . Hover . | . . . . . Flight . | . . . . . Fastest Speed 50 | 50 120 120 190 190 Average Speed 169 | 107 120 173 190 190 Slowest Speed 190 | 120 120 190 190 190 Overloaded Moves . | . . . . . Propulsion Burnouts . | . . . . . Robots Hopped . | . . . . . Potential Cave-ins 6 | . . 6 . . Cave-ins Triggered . | . . . . . Exploration Rate (%) 36 | 3 22 78 73 7 Regions Visited 4 Branch Regions 3 Pre-discovered Areas 1 | . . 1 . . Known Exits Taken . | . . . . . Unknown Exits Taken 4 | 1 1 1 1 . Scrap Searched 2 | . . 2 . . Spaces Dug 14 | . 4 10 . . Terrain Destroyed 14 | . 4 10 . . Melee . | . . . . . Projectile 14 | . 4 10 . . AOE . | . . . . . Terrain Rammed . | . . . . . Walls Destroyed . | . . . . . Machines Disabled . | . . . . . Actions | -11 -10 -10 -10 -9 --------- Run | Yrd Mat Min Exi Min Total 1149 | 79 201 354 501 14 Wait 178 | . 66 25 85 2 Move 895 | 59 115 307 407 7 Hop . | . . . . . Pick Up 15 | 5 5 3 2 . Fast Attach 11 | 9 . . 2 . Attach 10 | 1 2 4 2 1 Detach 6 | 3 2 . 1 . Swap 1 | . 1 . . . Drop 7 | . 3 2 2 . Fire 26 | 2 7 13 . 4 Melee . | . . . . . Ram . | . . . . . Kick . | . . . . . Crush . | . . . . . Escape Stasis . | . . . . . Rewire . | . . . . . Trap . | . . . . . Miscellaneous . | . . . . . Route ------- -11/Scrapyard -10/Materials (discovered 2 exits: *Min x2) -10/Mines -10/Exiles (discovered 2 exits: [*Min x2]) -9/Mines History --------- Turn | Location | Event 10 | -11/Scrapyard | Discovered new exit (range 16) 92 | -11/Scrapyard | Entered Materials 329 | -10/Materials | Discovered new exit (range 5) 330 | -10/Materials | Discovered new exit (range 14) 331 | -10/Materials | Build established: Mutant 332 | -10/Materials | Entered Mines 336 | -10/Mines | Assembled infested the area 341 | -10/Mines | Assisted by a Guerilla fighting off Assembled 497 | -10/Mines | Core integrity fell below 50% 527 | -10/Mines | Lost 5 parts (2n1u2w) 705 | -10/Mines | Learned location of Zion (-7) 726 | -10/Mines | Found a Scrap Suit stashed away for nefarious purposes 729 | -10/Mines | Found Scrap Suit 760 | -10/Mines | Found the Drone Emporium 945 | -10/Mines | Deemed a non-threat by the Exiles lab entrance 947 | -10/Mines | Discovered new exit (range 5) 955 | -10/Mines | Entered Exiles 995 | -10/Exiles | Discovered new exit (range 15) 1054 | -10/Exiles | Met 8R-AWN 1087 | -10/Exiles | Met EX-HEX 1182 | -10/Exiles | Met EX-DEC 1282 | -10/Exiles | Discovered new exit (range 12) 1421 | -10/Exiles | Met EX-BIN 1444 | -10/Exiles | Aligned with FarCom system 1446 | -10/Exiles | Given EX-Vault access code 1489 | -10/Exiles | Opened EX-Vault 1496 | -10/Exiles | Found Prototype Device 1496 | -10/Exiles | Identified Skeleton Box 1512 | -10/Exiles | Found Prototype Energy Cannon 1512 | -10/Exiles | Identified Latent Energy Streamer 1674 | -10/Exiles | Warned to stay clear of 0b10 Research branches 1822 | -10/Exiles | Stole two prototypes: Skeleton Box, Latent Energy Streamer 1822 | -10/Exiles | Entered Mines 1832 | -9/Mines | Core integrity fell below 20% 1846 | -9/Mines | Destroyed by G-34 Mercenary with Small Laser Last Messages --------------- EX-BIN: Oh yeah, I'd suggest you stay away from the 0b10 Research branches, since the FarCom signals could be picked up there, but you're welcome to try if you really want to. And if we have to leave here due to unforeseen circumstances, don't worry the FarCom system will continue to maintain contact via our distributed network. EX-BIN: And don't even think about spreading that code around. We're gonna change it right after you leave. Most certainly not to something like 1234 which I did last time as a little joke and some thief managed to sneak in here and steal a few of HEX's prototypes. LOCATION=UNKNOWN GOAL=ESCAPE 01822_ Receiving FarCom transmissions... 01831_ Critical hit (Burn: +37). 01838_ Ion Engine destroyed. 01839_ Lgt. Assault Rifle destroyed. Map ----- +----------------------------------------------------+ | ?????????????????????????????????????????????????? | | ?????????????????????????????????????????????????? | | ?????????????????????????????????????????????????? | | ?????????????????????????????????????????????????? | | ?????????????????????????????????????????????????? | | ?????????????????????????????????????????????????? | | ?????????????????????????????????????????????????? | | ?????????????????????????????????????????????????? | | ?????????????????????????????????????????????????? | | ?????????????????????????????????????????????????? | | ?????????????????????????????????????????????????? | | ?????????????????????????????????????????????????? | | ???????????????????# ????????????????????????????? | | ?????????????????## ????????????????????????????? | | ????????????????## ????????????????????????????? | | ???????????????## ????????????????????????????? | | ???????????????? ???????????????????s????????? | | ????????????????? #????????????????????????????? | | ?????????????????# #????????????????????????????? | | ?????????????#???# ###??????????????????????????? | | ???????? ????# ??# ##??? ?????????????????????? | | ????????? ### ??# ###????????????? ?????????? | | ??????????? ?## ????????????????????????? | | ?????????????# ## #?????#???????????????????? | | ?????????? ??# #### #???????????????????? | | ????????????## g @ #???????????????????? | | ????????????# g #### $ ????????????? | | ????????????# g ##?????###### ##???????????? | | ????????????# ##??????????????????????????? | | ????????????# #####???????????????????????????? | | ????????????# #????????????????????????????????? | | ???????????# #???#?#???????????????????????????? | | ?????????? #??????????????????????????????????? | | ???????? #???????????????????????????????????? | | ???????######????????????????????????????????????? | | ?????????????????????????????????????????????????? | | ?????????????#???????????????????????????????????? | | ??????????????????????????ss?????????????????????? | | ????????????????????????s????????????????????????? | | ?????????????????????????????????????????????????? | | ?????????????????????????????????????????????????? | | ?????????????????????????????????????????????????? | | ?????????????????????????????????????????????????? | | ?????????????????????????????????????????????????? | | ?????????????????????????????????????????????????? | | ?????????????????????????????????????????????????? | | ?????????????????????????????????????????????????? | | ?????????????????????????????????????????????????? | | ?????????????????????????????????????????????????? | | ?????????????????????????????????????????????????? | +----------------------------------------------------+ Best States ------------- Heat Dissipation 25 Energy Generation 10 Energy Capacity 250 Matter Stores 300 Matter Capacity 300 Sight Range 16 Terrain Scan Range 16 Terrain Scan Density 10 Power Shielding 33 Evasion (%) 55 Item Schematics ----------------- None Robot Schematics ------------------ None Fabricated ------------ Nothing Repaired ---------- Nothing Studied --------- None Alien Tech Used ----------------- None Achievements -------------- Sixth Sense Challenges ------------ None Game ------ Seed PhasingBehemothShredder Manual? 0 Play Time 00:13:52 Cumulative 17.9 hours Start 2026.03.18 @ 20:01:48 End 2026.03.18 @ 20:15:34 Sessions 1 Manual Loads 0 Difficulty Rogue Special Mode None Game No. 35 Rogue 35 Adventurer 0 Explorer 0 Win Type - Total 0 Types 0/0/0/0/0/0/0/0/0/0 Lore% 9 Gallery% 19 Achievement% 15 Wizard Run 0 Options --------- Layout 1 ASCII 0 Keyboard 0 Movement Arrows Keybinds 0 Fullscreen 1 Font 24/Smallcaps Map View 50x35 Zoom Use 0% Tactical HUD 1 Map Filters NONE Filters NONE Steam 1 RUN: 8c41beb5-b254-45f3-8314-6d066f7f840c